MLB
KANSAS CITY ROYALS @ CHICAGO WHITE SOX
08/14/2045
 
TOP OF THE 1ST
Kansas City Royals batting - Pitching for Chicago White Sox : RHP Ricky Salas
Pitching: RHP Ricky Salas
Batting: RHB Mike Jaquez 0-0: Ball
1-0: Swinging Strike
1-1: Reached on error, E5 (Groundball, 5S, EV 87.5 MPH)
Batting: RHB Imbart Faber 0-0: Ball
1-0: Fly out, F9 (Flyball, 89D, EV 101.2 MPH)
Runner from 2nd tags up, SAFE at 3rd, no throw by RF
Batting: LHB Mike Meyerhoff 0-0: Ball
1-0: SINGLE (Groundball, 4D, EV 101.9 MPH)
Mike Jaquez scores
Batting: SHB Tony Prado 0-0: Called Strike
0-1: Called Strike
0-2: Foul Ball, location: 2F
0-2: Ball
1-2: Foul Ball, location: 2F
1-2: Hit by Pitch
Mike Meyerhoff to second
Batting: SHB Gil Switzer 0-0: Called Strike
0-1: Ball
1-1: Called Strike
1-2: Strikes out swinging
Batting: LHB Manny Estrada 0-0: Fly out, F8 (Line Drive, 8LD, EV 91.2 MPH)
Top of the 1st over - 1 run, 1 hit, 1 error, 2 left on base; Kansas City 1 - Chicago 0
BOTTOM OF THE 1ST
Chicago White Sox batting - Pitching for Kansas City Royals : RHP Jimmy Silveira IV
Pitching: RHP Jimmy Silveira IV
Batting: LHB Antonio Figueroa 0-0: Ball
1-0: SOLO HOME RUN (Flyball, 7LD, EV 92.5 MPH), Distance : 341 ft
Batting: SHB Cesar Herrera 0-0: Ground out 1-3 (Groundball, 34S, EV 66.9 MPH)
Batting: LHB Randy Rosenberry 0-0: Ball
1-0: Ball
2-0: Ball
3-0: Base on Balls
Batting: RHB Joseph Disepolo 0-0: Ball
1-0: SINGLE (Groundball, 34S, EV 68.8 MPH) (infield hit)
Randy Rosenberry to second
Batting: LHB Jack Christie 0-0: Ball
1-0: Called Strike
Randy Rosenberry steals 3rd base
Joseph Disepolo to second
1-1: Foul Ball, location: 2F
1-2: Foul Ball, location: 2F
1-2: Ball
2-2: SINGLE (Line Drive, 5D, EV 103.8 MPH)
Randy Rosenberry scores
Joseph Disepolo to third
Batting: RHB Steve Castleberry 0-0: Ball
1-0: Called Strike
1-1: Ball
2-1: Grounds into double play, 5-4-3 (Groundball, 5S, EV 85.6 MPH)
Bottom of the 1st over - 2 runs, 3 hits, 0 errors, 1 left on base; Kansas City 1 - Chicago 2
TOP OF THE 2ND
Kansas City Royals batting - Pitching for Chicago White Sox : RHP Ricky Salas
Batting: LHB Bill Baconneck 0-0: Ball
1-0: DOUBLE (Line Drive, 89XD, EV 106.9 MPH)
Batting: RHB Aaron Matthews 0-0: Called Strike
0-1: Swinging Strike
0-2: Ball
1-2: Ball
2-2: Strikes out swinging
Batting: RHB Adam Martin 0-0: Foul Ball, location: 2F
0-1: Foul Ball, location: 2F
0-2: Ball
1-2: Ground out 3-1 (Groundball, 34, EV 86.2 MPH)
Bill Baconneck to third
Batting: RHB Mike Jaquez 0-0: Ball
1-0: Foul Ball, location: 2F
1-1: Foul Ball, location: 2F
1-2: Ground out 6-3 (Groundball, 56, EV 83.8 MPH)
Top of the 2nd over - 0 runs, 1 hit, 0 errors, 1 left on base; Kansas City 1 - Chicago 2
BOTTOM OF THE 2ND
Chicago White Sox batting - Pitching for Kansas City Royals : RHP Jimmy Silveira IV
Batting: SHB Dan Lash 0-0: Ball
1-0: Swinging Strike
1-1: Ball
2-1: Foul Ball, location: 2F
2-2: SINGLE (Groundball, 6MD, EV 106.2 MPH)
Batting: RHB Jason Moss 0-0: Ball
1-0: Called Strike
1-1: Grounds into double play, 4-6-3 (Groundball, 4, EV 80.6 MPH)
Batting: SHB Eduardo Maldonado 0-0: Ball
1-0: Ground out 6-3 (Groundball, 4MD, EV 100.6 MPH)
Bottom of the 2nd over - 0 runs, 1 hit, 0 errors, 0 left on base; Kansas City 1 - Chicago 2
TOP OF THE 3RD
Kansas City Royals batting - Pitching for Chicago White Sox : RHP Ricky Salas
Batting: RHB Imbart Faber 0-0: Called Strike
0-1: Called Strike
0-2: Ball
1-2: Strikes out looking
Batting: LHB Mike Meyerhoff 0-0: SOLO HOME RUN (Flyball, 9D, EV 100.0 MPH), Distance : 362 ft
Batting: SHB Tony Prado 0-0: Foul Ball, location: 2F
0-1: Foul Ball, location: 2F
0-2: Ball
1-2: Foul Ball, location: 2F
1-2: Ball
2-2: SINGLE (Groundball, 25, EV 65.0 MPH) (infield hit)
Batting: SHB Gil Switzer 0-0: Fly out, F8 (Line Drive, 8RM, EV 98.1 MPH)
Batting: LHB Manny Estrada 0-0: Ball
1-0: Ball
2-0: Swinging Strike
2-1: Ball
3-1: Called Strike
3-2: Strikes out swinging
Top of the 3rd over - 1 run, 2 hits, 0 errors, 1 left on base; Kansas City 2 - Chicago 2
BOTTOM OF THE 3RD
Chicago White Sox batting - Pitching for Kansas City Royals : RHP Jimmy Silveira IV
Batting: LHB Antonio Figueroa 0-0: Called Strike
0-1: Swinging Strike
0-2: Ball
1-2: Ball
2-2: Foul Ball, location: 2F
2-2: Strikes out swinging
Batting: SHB Cesar Herrera 0-0: Called Strike
0-1: Foul Ball, location: 2F
0-2: Ball
1-2: SOLO HOME RUN (Flyball, 78XD, EV 98.8 MPH), Distance : 384 ft
Batting: LHB Randy Rosenberry 0-0: Ground out 5-3 (Groundball, 5, EV 96.9 MPH)
Batting: RHB Joseph Disepolo 0-0: Ball
1-0: Called Strike
1-1: Ground out 5-3 (Groundball, 56, EV 103.8 MPH)
Bottom of the 3rd over - 1 run, 1 hit, 0 errors, 0 left on base; Kansas City 2 - Chicago 3
TOP OF THE 4TH
Kansas City Royals batting - Pitching for Chicago White Sox : RHP Ricky Salas
Batting: LHB Bill Baconneck 0-0: Ball
1-0: Ball
2-0: Ball
3-0: Called Strike
3-1: SINGLE (Line Drive, 4MD, EV 100.0 MPH)
Batting: RHB Aaron Matthews 0-0: Ball
Pickoff Throw to First - Out! 1-3
1-0: Ball
2-0: Foul Ball, location: 2F
2-1: Ground out 1-3 (Groundball, 15S, EV 63.8 MPH)
Batting: RHB Adam Martin 0-0: Called Strike
0-1: Fly out, F5 (Line Drive, 5, EV 67.5 MPH)
Top of the 4th over - 0 runs, 1 hit, 0 errors, 0 left on base; Kansas City 2 - Chicago 3
BOTTOM OF THE 4TH
Chicago White Sox batting - Pitching for Kansas City Royals : RHP Jimmy Silveira IV
Batting: LHB Jack Christie 0-0: DOUBLE (Flyball, 8RXD, EV 102.5 MPH)
Batting: RHB Steve Castleberry 0-0: Called Strike
0-1: Fly out, F9 (Flyball, 9LM, EV 100.6 MPH)
Batting: SHB Dan Lash 0-0: Swinging Strike
0-1: Ball
1-1: Ground out 4-3 (Groundball, 4, EV 100.6 MPH)
Jack Christie to third
Batting: RHB Jason Moss 0-0: Ball
1-0: Foul Ball, location: 2F
1-1: Ball
2-1: Fly out, F9 (Flyball, 9LS, EV 95.6 MPH)
Bottom of the 4th over - 0 runs, 1 hit, 0 errors, 1 left on base; Kansas City 2 - Chicago 3
TOP OF THE 5TH
Kansas City Royals batting - Pitching for Chicago White Sox : RHP Ricky Salas
Batting: RHB Mike Jaquez 0-0: Foul Ball, location: 2F
0-1: SINGLE (Line Drive, 9S, EV 97.5 MPH)
Batting: RHB Imbart Faber 0-0: Ball
Mike Jaquez is caught stealing 2nd base 2-4
1-0: Fly out, F9 (Flyball, 9S, EV 84.4 MPH)
Batting: LHB Mike Meyerhoff 0-0: Called Strike
0-1: Ball
1-1: Swinging Strike
1-2: SOLO HOME RUN (Flyball, 89XD, EV 109.4 MPH), Distance : 424 ft
Batting: SHB Tony Prado 0-0: Foul Ball, location: 2F
0-1: Ball
1-1: Fly out, F8 (Flyball, 8LS, EV 91.9 MPH)
Top of the 5th over - 1 run, 2 hits, 0 errors, 0 left on base; Kansas City 3 - Chicago 3
BOTTOM OF THE 5TH
Chicago White Sox batting - Pitching for Kansas City Royals : RHP Jimmy Silveira IV
Batting: SHB Eduardo Maldonado 0-0: Ball
1-0: Foul Ball, location: 2F
1-1: Ground out 4-3 (Groundball, 34, EV 105.0 MPH)
Batting: LHB Antonio Figueroa 0-0: Ball
1-0: Foul Ball, location: 2F
1-1: Ground out 5-3 (Groundball, 56, EV 82.5 MPH)
Batting: SHB Cesar Herrera 0-0: Called Strike
0-1: Ball
1-1: Fly out, F8 (Flyball, 8RM, EV 93.8 MPH)
Bottom of the 5th over - 0 runs, 0 hits, 0 errors, 0 left on base; Kansas City 3 - Chicago 3
TOP OF THE 6TH
Kansas City Royals batting - Pitching for Chicago White Sox : RHP Ricky Salas
Batting: SHB Gil Switzer 0-0: Ball
1-0: SINGLE (Groundball, 6S, EV 70.6 MPH) (infield hit)
Batting: LHB Manny Estrada Balk!
Gil Switzer to second
0-0: Swinging Strike
0-1: Foul Ball, location: 2F
0-2: Ball
1-2: Strikes out looking
Batting: LHB Bill Baconneck 0-0: Intentional Walk
Batting: RHB Aaron Matthews 0-0: Ball
1-0: Swinging Strike
1-1: Ball
2-1: Foul Ball, location: 2F
2-2: Grounds into double play, 6-4-3 (Groundball, 6, EV 91.2 MPH)
Top of the 6th over - 0 runs, 1 hit, 0 errors, 1 left on base; Kansas City 3 - Chicago 3
BOTTOM OF THE 6TH
Chicago White Sox batting - Pitching for Kansas City Royals : RHP Jimmy Silveira IV
Batting: LHB Randy Rosenberry 0-0: Called Strike
0-1: Foul Ball, location: 2F
0-2: Ball
1-2: DOUBLE (Line Drive, 9LM, EV 103.1 MPH)
Batting: RHB Joseph Disepolo 0-0: Ball
1-0: Ground out 4-3 (Groundball, 4, EV 84.4 MPH)
Randy Rosenberry to third
Batting: LHB Jack Christie 0-0: Called Strike
0-1: Ball
1-1: Ball
2-1: Ball
3-1: Foul Ball, location: 2F
3-2: Foul Ball, location: 2F
3-2: Foul Ball, location: 2F
3-2: DOUBLE (Groundball, 3D, EV 95.0 MPH)
Randy Rosenberry scores
Batting: RHB Steve Castleberry 0-0: Ball
1-0: Fly out, F5 (Popup, 56, EV 61.9 MPH)
Batting: SHB Dan Lash 0-0: Called Strike
0-1: Ball
1-1: Ball
2-1: Fly out, F8 (Line Drive, 8LD, EV 106.9 MPH)
Bottom of the 6th over - 1 run, 2 hits, 0 errors, 1 left on base; Kansas City 3 - Chicago 4
TOP OF THE 7TH
Kansas City Royals batting - Pitching for Chicago White Sox : RHP Ricky Salas
Batting: RHB Adam Martin 0-0: DOUBLE (Line Drive, 9D, EV 88.8 MPH)
Pinch Runner at 2nd Victor Moya:
Batting: RHB Mike Jaquez 0-0: Ball
1-0: Fly out, F4 (Popup, 34S, EV 83.1 MPH)
Batting: RHB Imbart Faber Balk!
Victor Moya to third
0-0: Called Strike
0-1: Called Strike
0-2: SINGLE (Line Drive, 78S, EV 86.9 MPH)
Victor Moya scores
Batting: LHB Mike Meyerhoff 0-0: Ball
1-0: Ball
2-0: Swinging Strike
2-1: Foul Ball, location: 2F
2-2: Hit by Pitch
Imbart Faber to second
Batting: SHB Tony Prado 0-0: Ball
1-0: Ball
2-0: Ball
3-0: Called Strike
3-1: Base on Balls
Imbart Faber to third
Mike Meyerhoff to second
Batting: SHB Gil Switzer 0-0: Fly out, F8 (Flyball, 8RS, EV 88.8 MPH)
Batting: LHB Manny Estrada 0-0: Ball
1-0: Swinging Strike
1-1: Ball
2-1: Called Strike
2-2: Strikes out swinging
Top of the 7th over - 1 run, 2 hits, 0 errors, 3 left on base; Kansas City 4 - Chicago 4
BOTTOM OF THE 7TH
Chicago White Sox batting - Pitching for Kansas City Royals : RHP Jimmy Silveira IV
Batting: RHB Jason Moss 0-0: Ball
1-0: Called Strike
1-1: Foul Ball, location: 2F
1-2: Ball
2-2: SINGLE (Groundball, 56, EV 86.2 MPH) (infield hit)
Batting: SHB Eduardo Maldonado 0-0: DOUBLE (Groundball, 3L, EV 103.8 MPH)
Jason Moss to third
Batting: LHB Antonio Figueroa 0-0: Ball
1-0: Fly out, F7 (Flyball, 7D, EV 104.4 MPH)
Runner from 3rd tags up, SCORES, no throw by LF
Eduardo Maldonado to third
Pitching: RHP Gan Ts'ong
Batting: SHB Cesar Herrera 0-0: Called Strike
0-1: Swinging Strike
0-2: Strikes out looking
Batting: LHB Randy Rosenberry 0-0: Called Strike
0-1: Ball
1-1: DOUBLE (Line Drive, 78D, EV 105.0 MPH)
Eduardo Maldonado scores
Batting: RHB Joseph Disepolo 0-0: Ball
1-0: SINGLE (Line Drive, 56D, EV 95.0 MPH)
Randy Rosenberry to third
Runner from 3rd tries for Home, SAFE, throw by LF to home
Batting: LHB Jack Christie 0-0: Foul Ball, location: 2F
0-1: Ball
1-1: SINGLE (Groundball, 34D, EV 100.0 MPH)
Joseph Disepolo to second
Runner from 2nd tries for 3rd, SAFE, throw by RF made to third
Batting: RHB Steve Castleberry 0-0: Ball
1-0: Ball
2-0: Called Strike
2-1: Swinging Strike
2-2: Foul Ball, location: 2F
2-2: Ball
3-2: Foul Ball, location: 2F
3-2: Strikes out swinging
Bottom of the 7th over - 3 runs, 5 hits, 0 errors, 2 left on base; Kansas City 4 - Chicago 7
TOP OF THE 8TH
Kansas City Royals batting - Pitching for Chicago White Sox : RHP Ricky Salas
Now at 1B: Dan Lash
Now at 2B: Dieter Knoops
Batting: LHB Bill Baconneck 0-0: Swinging Strike
0-1: Ground out 4-3 (Groundball, 4, EV 90.6 MPH)
Batting: RHB Aaron Matthews 0-0: Foul Ball, location: 2F
0-1: Ground out 6-3 (Groundball, P, EV 83.8 MPH)
Batting: SHB Gareth Busby 0-0: Ball
1-0: Foul Ball, location: 2F
1-1: Ball
2-1: SINGLE (Groundball, 4MD, EV 106.2 MPH)
Pitching: RHP Gerbrand van de Bilt
Batting: RHB Mike Jaquez 0-0: Ball
1-0: Foul Ball, location: 2F
1-1: Called Strike
1-2: Ball
2-2: Ball
3-2: Strikes out swinging
Top of the 8th over - 0 runs, 1 hit, 0 errors, 1 left on base; Kansas City 4 - Chicago 7
BOTTOM OF THE 8TH
Chicago White Sox batting - Pitching for Kansas City Royals : RHP Gan Ts'ong
Pitching: RHP Skyler Webster
Batting: SHB Dan Lash 0-0: Ball
1-0: Ground out 2-3 (Groundball, 13S, EV 70.6 MPH)
Batting: RHB Jason Moss 0-0: Ground out 6-3 (Groundball, 6MD, EV 103.8 MPH)
Batting: SHB Eduardo Maldonado 0-0: Ball
1-0: Called Strike
1-1: Foul Ball, location: 2F
1-2: Ball
2-2: Ball
3-2: Ground out U3 (Groundball, 23, EV 79.4 MPH)
Bottom of the 8th over - 0 runs, 0 hits, 0 errors, 0 left on base; Kansas City 4 - Chicago 7
TOP OF THE 9TH
Kansas City Royals batting - Pitching for Chicago White Sox : RHP Gerbrand van de Bilt
Pitching: RHP Zach Ault
Now in LF: Chris Cooper
Batting: RHB Imbart Faber 0-0: Fly out, F7 (Line Drive, 7, EV 83.1 MPH)
Batting: LHB Mike Meyerhoff 0-0: Ball
1-0: Foul Ball, location: 2F
1-1: Ball
2-1: Ball
3-1: Foul Ball, location: 2F
3-2: Foul Ball, location: 2F
3-2: Base on Balls
Batting: SHB Tony Prado 0-0: Foul Ball, location: 2F
0-1: Fly out, F9 (Line Drive, 9S, EV 86.9 MPH)
Batting: SHB Gil Switzer 0-0: Ball
1-0: Foul Ball, location: 2F
1-1: Ball
2-1: Foul Ball, location: 2F
2-2: Ball
3-2: Strikes out swinging
Top of the 9th over - 0 runs, 0 hits, 0 errors, 1 left on base; Kansas City 4 - Chicago 7
Wednesday, June 22nd , 2022 - OOTP Baseball 23.4 Build 64